 Dungeon Crawl Stone Soup version 0.30.1-3-gfc49f6343a (webtiles) character file.

Game seed: 8011673429819742870

19 Zeor the Trooper (level 2, -2/28 HPs)
             Began as a Gargoyle Monk on July 19, 2023.
             Slain by Natasha (5 damage)
             ... on level 2 of the Dungeon.
             The game lasted 00:02:24 (750 turns).

Zeor the Trooper (Gargoyle Monk)                     Turns: 750, Time: 00:02:25

Health: -2/28      AC: 10    Str: 14    XL:     2   Next: 75%
Magic:  2/2        EV: 11    Int: 10    God:
Gold:   58         SH:  0    Dex: 12    Spells: 1/1 levels left

rFire   . . .        a - +0 mace
rCold   . . .        d - orb {light}
rNeg    + . .        f - +0 ring mail
rPois   ∞            b - +2 helmet
rElec   +            (no cloak)
rCorr   .            (no gloves)
SInv    .            (no boots)
Will    .....        (no amulet) Stlth
                     (no ring)
HPRegen 0.24/turn    (no ring)
MPRegen 0.08/turn

%: no passive effects
@: berserking, glowing, very quick
A: sickness immunity, AC +2, negative energy resistance 1, electricity
resistance, torment resistance 1, petrification resistance
a: no special abilities


You were on level 2 of the Dungeon.
You visited 1 branch of the dungeon, and saw 2 of its levels.

You collected 58 gold pieces.

Inventory:

Hand Weapons
 a - a +0 mace (weapon)
 i - a +1 dagger of holy wrath
Armour
 b - a +2 helmet (worn)
 d - an orb of light (worn)
 f - a +0 ring mail (worn)
Scrolls
 e - a scroll of identify
 g - a scroll of amnesia
 j - a scroll of torment {unknown}
Potions
 c - a potion of ambrosia


   Skills:
 + Level 3.5 Fighting
 * Level 3.5 Maces & Flails
 * Level 0.5 Armour
 + Level 2.5 Dodging


You had one spell level left.
You didn't know any spells.
Your spell library was empty.

Dungeon Overview and Level Annotations

Branches:
Dungeon (2/15)

Altars:

Shops:
D:2 (

Annotations:
D:2 Natasha


Innate Abilities, Weirdness & Mutations

You are immune to sickness and miasma.
Your stone body is resilient. (AC +2)
You are immune to poison.
You resist negative energy. (rN+)
You are resistant to electric shocks. (rElec)
You are resistant to unholy torment.
You are immune to petrification.


Message History

The ball python bites you but does no damage.
The ball python barely misses you.
Natasha casts a spell.
You barely miss the ball python. The ball python completely misses you.
The ball python grabs you. The ball python constricts you.
Natasha mumbles some strange words.
The ball python bites you but does no damage.
The ball python constricts you.
You hit the ball python.
The ball python is severely wounded.
The ball python closely misses you. The ball python constricts you.
You barely miss the ball python.
The ball python is severely wounded.
The ball python bites you. The ball python constricts you.
The ball python barely misses you. The ball python constricts you.
You completely miss the ball python.
The ball python is severely wounded.
Natasha casts a spell.
The ball python barely misses you. The ball python constricts you.
You hit the ball python.
You kill the ball python!
Natasha claws you!
You are too injured to fight recklessly!
A red film seems to cover your vision as you go berserk!
You feel yourself moving faster!
You feel mighty! Natasha misses you.
You hit Natasha.
Natasha is moderately wounded.
A jackal comes into view.
The cerulean imp closely misses you.
A jackal comes into view.
Natasha claws you.
* * * LOW HITPOINT WARNING * * *
You closely miss Natasha.
Natasha is moderately wounded.
The jackal barks! x2
A jackal comes into view.
The cerulean imp hits you from afar with a +0 spear.
* * * LOW HITPOINT WARNING * * *
Natasha claws you.
You die...

∙∙∙ ∙▒ ▒∙ ▒
∙∙▒▒▒▒▒∙▒∙∙∙
∙▒▒∙∙∙▒∙∙∙▒∙∙∙
∙∙∙∙∙▒∙▒∙∙∙?∙
▒∙∙∙∙∙∙∙∙∙∙∙
▒∙∙∙∙h∙∙∙∙∙
▒∙▒∙▒▒▒▒▒∙∙∙∙∙∙∙∙∙
▒∙∙∙∙∙9ho5∙†h∙∙∙▒
▒▒▒∙▒▒▒▒5K⌠∙∙!∙∙$∙
▒∙∙∩∙∙∙▒∙▒▒∙
∙∙∙⌠∙⌠∙∙∙∙▒


∙∙∙∙∙∙∙∙∙∙∙∙∙∙ ∙∙∙∙∙∙▒∙∙∙∙∙∙∙∙∙ ∙∙∙∙▒∙∙∙∙∙∙▒▒∙∙∙ ∙∙∙∙∙∙∙∙∙∙∙▒ ▒▒∙ You could see
Natasha (empowered), 2 cerulean imps, an orc, 2 jackals and a kobold.

Vanquished Creatures
  A ball python (D:2)
  An endoplasm (D:1)
  5 goblins (D:1)
  5 hobgoblins
  A quokka (D:1)
  A bat (D:1)
  2 rats (D:1)
16 creatures vanquished.

Notes
Turn   | Place    | Note
-------+----------+-------------------------------------------
     0 | D:1      | Zeor the Gargoyle Monk began the quest for the Orb.
     0 | D:1      | Reached XP level 1. HP: 14/14 MP: 1/1
   141 | D:1      | Reached XP level 2. HP: 14/19 MP: 2/2
   185 | D:1      | Found a faded altar of an unknown god.
   735 | D:2      | Noticed Natasha
   735 | D:2      | Found Hewafoil's Antique Weapon Shoppe.
   750 | D:2      | Slain by Natasha

Illustrated notes

Levels and vault maps discovered:
D:1:      matt_arrival_diagonals, layout_basic, basic_ecumenical_altar
D:2:      layout_rooms, serial_shops, shop_fountains, serial_park_tiny_1,
          minmay_hexomino_u4, uniq_natasha

Action                     || total
---------------------------++-------
  Melee: Mace              ||    43
    Use: Scroll            ||     2
         Potion            ||     1
 Armour: Ring mail         ||     7
  Dodge: Dodged            ||    27
